 Dungeon Crawl Stone Soup version 0.18.1-8-gdd0e5ea (webtiles) character file.

352 Krapule the Shield-Bearer (level 6, -4/43 HPs)
             Began as a Halfling Fighter on May 30, 2016.
             Was an Initiate of Okawaru.
             Slain by an ogre
             ... wielding a +0 giant club
              (11 damage)
             ... on level 4 of the Dungeon.
             The game lasted 00:09:25 (3064 turns).

Krapule the Shield-Bearer (Halfling Fighter)        Turns: 3064, Time: 00:09:26

Health: -4/43      AC:  8    Str: 17 (18) XL:     6   Next: 94%
Magic:  7/7        EV: 11    Int:  5 (7)  God:    Okawaru [......]
Gold:   167        SH: 10    Dex: 14      Spells: 0 memorised, 5 levels left

rFire  . . .     SeeInvis .     a - +0 long sword
rCold  . . .     Gourm    .     b - +0 scale mail
rNeg   . . .     Faith    .     c - +0 shield
rPois  .         Spirit   .     (no helmet)
rElec  .         Dismiss  .     (no cloak)
rCorr  .         Reflect  .     (no gloves)
SustAt .         Harm     .     k - +0 pair of boots
MR     .....                    (no amulet)
Stlth  ..........               (no ring)
                                (no ring)

@: not resistant to hostile enchantments, extremely unstealthy
A: mutation resistance 1
a: Renounce Religion


You were on level 4 of the Dungeon.
You worshipped Okawaru.
Okawaru was noncommittal.
You were not hungry.

You visited 1 branch of the dungeon, and saw 4 of its levels.

You collected 167 gold pieces.

Inventory:

Hand Weapons
 a - a +0 long sword (weapon)
Armour
 b - a +0 scale mail (worn)
 c - a +0 shield (worn)
 k - a +0 pair of boots (worn)
Wands
 i - a wand of lightning (10/15)
Scrolls
 e - a scroll of fear {unknown}
 j - 5 scrolls of identify
 m - a scroll of remove curse {unknown}
 p - a scroll of recharging {unknown}
 q - 2 scrolls of fog {unknown}
 s - 3 scrolls of enchant weapon {unknown}
Potions
 d - a potion of might
 g - a potion of degeneration
 h - 2 potions of cure mutation
 l - a potion of lignification
 n - 2 potions of curing
 o - a potion of cancellation {unknown}
Comestibles
 f - 5 bread rations


   Skills:
 + Level 4.0 Fighting
 - Level 2.0 Long Blades
 + Level 4.4 Armour
 + Level 3.4 Dodging
 + Level 4.6 Shields
 + Level 1.6 Invocations


You had 5 spell levels left.
You didn't know any spells.

Dungeon Overview and Level Annotations

Branches:
Dungeon (4/15)
 Temple: D:4-7

Altars:
Ashenzari
Elyvilon
Okawaru

Shops:
D:4 [

Annotations:
D:2 Terence
D:3 Aquadorian's ghost, amateur GrFi
D:4 Pikel


Innate Abilities, Weirdness & Mutations

You are small and have problems with some larger weapons.
You are somewhat resistant to further mutation.


Message History

You hit the ogre.
The ogre is lightly wounded.
The ogre hits you with a giant club!
You hit the ogre.
The ogre is lightly wounded.
The ogre hits you with a giant club!!
You hit the ogre.
The ogre is moderately wounded.
You block the ogre's attack.
You barely miss the ogre.
The ogre is moderately wounded.
You block the ogre's attack. x2
You slash the ogre!
The ogre is heavily wounded.
The ogre hits you with a giant club!
* * * LOW HITPOINT WARNING * * *
You hit the ogre.
The ogre is severely wounded.
The ogre hits you with a giant club!
You die...

#.##..........#######.#
#.##................#
#.##...........####.#
#.############.# #.#
#....# #.# #.#### #.#
#.# #. #####.# #.
#ggO@.#
####.#####.#####
...............#
...............#
K........gO....#
...............#
.....a.........#
..........g....#
...............#


You could see an ogre and 2 gnolls.

Vanquished Creatures
  An ogre (D:4)
  A big kobold (D:3)
  A scorpion (D:4)
  A worker ant (D:4)
  4 gnolls
  3 adders
  A worm (D:2)
  A dart slug (D:3)
  4 giant geckos
  4 orcs (D:4)
  4 giant cockroaches
  3 goblins
  5 hobgoblins
  5 kobolds
  A quokka (D:4)
  3 ball pythons
  3 bats
  5 giant newts
  6 rats
56 creatures vanquished.

Notes
Turn   | Place    | Note
--------------------------------------------------------------
     0 | D:1      | Krapule the Halfling Fighter began the quest for the Orb.
     0 | D:1      | Reached XP level 1. HP: 15/15 MP: 1/1
   281 | D:1      | Reached XP level 2. HP: 20/20 MP: 2/2
   829 | D:2      | Noticed Terence
  1088 | D:2      | Reached skill level 1 in Dodging
  1088 | D:2      | Reached XP level 3. HP: 22/26 MP: 3/3
  1095 | D:2      | Reached XP level 4. HP: 26/31 MP: 4/4
  1325 | D:3      | Noticed Aquadorian's ghost (amateur GrFi)
  1587 | D:3      | Found a white marble altar of Elyvilon.
  1600 | D:3      | Found a shattered altar of Ashenzari.
  1670 | D:3      | Noticed a big kobold
  1695 | D:3      | Killed a big kobold
  1695 | D:3      | Reached XP level 5. HP: 36/37 MP: 5/5
  1712 | D:3      | Found an iron altar of Okawaru.
  1730 | D:3      | Became a worshipper of Warmaster Okawaru
  1962 | D:4      | Found Ytzeip's Armour Boutique.
  2118 | D:4      | Noticed a slave
  2119 | D:4      | Noticed Pikel
  2120 | D:4      | Noticed a slave
  2121 | D:4      | Noticed a slave
  2121 | D:4      | Noticed a slave
  2453 | D:4      | Reached XP level 6. HP: 38/43 MP: 6/6
  2476 | D:4      | Reached skill level 1 in Invocations
  2757 | D:4      | Noticed an ogre
  2789 | D:4      | Killed an ogre
  3015 | D:4      | Noticed an ogre
  3064 | D:4      | Slain by an ogre

Skill      XL: |  1  2  3  4  5  6 |
---------------+-------------------+-----
Fighting       | 3 4 |  4.0
Dodging        | 1 2 3 |  3.4
Shields        | 4 |  4.6
Armour         | 4 |  4.4
Invocations    | 1 |  1.6
Long Blades    | |  2.0

Action                   |  1- 3 |  4- 6 || total
-------------------------+-------+-------++-------
Melee: Long sword        |    54 |   190 ||   244
  Use: Potion            |       |     5 ||     5
       Scroll            |       |     1 ||     1
  Eat: Chunk             |       |     4 ||     4
       Bread ration      |       |     1 ||     1
Armor: Scale mail        |    15 |    74 ||    89
       Skin              |       |     2 ||     2
Dodge: Dodged            |    23 |   104 ||   127
Block: Shield            |    35 |   118 ||   153
